 Dungeon Crawl Stone Soup version 0.25-a0-589-g1e14c549ee (webtiles) character file.

Game seed: 732155982536561903, levelgen mode: deterministic

35 Esekla the Ducker (level 3, 0/17 HPs)
             Began as a Spriggan Artificer on Mar 10, 2020.
             Slain by a ball python (1 damage)
             ... on level 2 of the Dungeon.
             The game lasted 00:05:00 (1303 turns).

Esekla the Ducker (Spriggan Artificer)              Turns: 1303, Time: 00:05:00

Health: 0/17       AC:  2    Str:  8    XL:     3   Next: 17%
Magic:  7/7        EV: 17    Int: 13    God:
Gold:   80         SH:  0    Dex: 16    Spells: 2/2 levels left

rFire    . . .     SeeInvis +   a - +0 short sword
rCold    . . .     Gourm    .   (shield restricted)
rNeg     . . .     Faith    .   b - +0 robe
rPois    .         Spirit   .   (helmet restricted)
rElec    .         Reflect  .   (no cloak)
rCorr    .         Harm     .   (gloves unavailable)
MR       .....                  (boots unavailable)
Stlth    ++........             (no amulet)
HPRegen  0.05/turn              (no ring)
MPRegen  0.10/turn              (no ring)

@: constricted, very quick
A: very small, unfitting armour, see invisible, herbivore, speed 3, slow
metabolism 2
a: no special abilities


You were on level 2 of the Dungeon.
You were not hungry.

You visited 1 branch of the dungeon, and saw 2 of its levels.

You collected 80 gold pieces.

Inventory:

Hand Weapons
 a - a +0 short sword (weapon)
Armour
 b - a +0 robe (worn)
Wands
 c - a wand of flame (15)
 d - a wand of enslavement (15)
 e - a wand of random effects (15)
Scrolls
 i - a scroll of magic mapping {unknown}
 j - a scroll of remove curse {unknown}
Potions
 g - a potion of curing {unknown}
 h - a potion of might {unknown}
 k - a potion of haste {unknown}
Comestibles
 f - 2 rations


   Skills:
 - Level 0.7 Fighting
 * Level 2.2 Short Blades
 * Level 4.4 Dodging
 + Level 2.1 Stealth
 - Level 4.0 Evocations


You had 2 spell levels left.
You didn't know any spells.
Your spell library was empty.

Dungeon Overview and Level Annotations

Branches:
Dungeon (2/15)

Altars:

Annotations:
D:2 Natasha


Innate Abilities, Weirdness & Mutations

You are very small and have problems with some larger weapons.
You are too small for most types of armour.
You have supernaturally acute eyesight. (SInv)
You are a herbivore.
You cover ground extremely quickly.
You need to consume almost no food.


Message History

Natasha is lightly wounded.
Natasha barely misses you. The frilled lizard barely misses you.
Natasha stares at you and mumbles some strange words.
The magic dart hits you!
Ouch! That really hurt!
Found a ration.
An adder comes into view.
The adder moves out of view.
You catch the helpless rat completely off-guard!
You hit the rat.
You kill the rat!
Natasha stares at you and mumbles some strange words.
The magic dart hits you!
* * * LOW HITPOINT WARNING * * *
You see here a rat corpse.
The ball python hisses angrily.
The frilled lizard unfolds its giant frill.
Natasha casts a spell.
The ball python misses you. The ball python grabs you.
You die...

#........##........#
##........##........####
........................
....)......#............
..........##............
.†.>......##.>..........
........................
##......................
......###.##.#..@S......
.....####.##.#..........
.....#..................
.............l......####
..............#.†$.....%.
...#.........h..#........
.....####.....###..$.....
..........###.......$....
.....###### #............


You could see Natasha, a ball python and a frilled lizard.

Vanquished Creatures
  An ooze (D:1)
  2 dart slugs (D:1)
  3 bats (D:2)
  2 giant cockroaches
  4 goblins
  A hobgoblin (D:1)
  A jackal (D:1)
  3 kobolds
  2 frilled lizards
  9 rats
28 creatures vanquished.

Notes
Turn   | Place    | Note
-------+----------+-------------------------------------------
     0 | D:1      | Esekla the Spriggan Artificer began the quest for the Orb.
     0 | D:1      | Reached XP level 1. HP: 9/9 MP: 4/4
   173 | D:1      | Reached XP level 2. HP: 14/14 MP: 6/6
   280 | D:2      | Noticed Natasha
  1192 | D:2      | Reached XP level 3. HP: 15/17 MP: 7/7
  1303 | D:2      | Slain by a ball python

Levels and vault maps discovered:
D:1:      dpeg_arrival_radiant, layout_loops_corners
D:2:      layout_rooms, minmay_tromino_i2, uniq_natasha

Skill      XL: |  1  2 |
---------------+-------+-----
Dodging        | 4 |  4.4
Short Blades   | 2 |  2.2
Stealth        | 2 |  2.1
Fighting       | |  0.7
Evocations     | |  4.0

Action                   || total
-------------------------++-------
Melee: Short sword       ||   103
 Stab: Sleeping          ||     5
       Distracted        ||     1
Armor: Robe              ||    13
Dodge: Dodged            ||   107

Table legend:
 A = Non-vault XP
 B = Vault XP
 C = Vault XP percentage of total XP
 D = Non-vault monster count
 E = Vault monster count
 F = Vault count percentage of total count
                 A         B        C        D         E       F
            +---------+---------+-------+---------+---------+-------
      Total |      51 |       0 |   0.0 |      28 |       0 |   0.0
            +---------+---------+-------+---------+---------+-------
        D:1 |      34 |       0 |   0.0 |      16 |       0 |   0.0
        D:2 |      17 |       0 |   0.0 |      12 |       0 |   0.0
            +---------+---------+-------+---------+---------+-------
